 Dungeon Crawl Stone Soup version 0.31-a0-844-gdc52ec4e09 (webtiles) character file.

Game seed: 6033423577026420380

48 Kurtz the Chopper (level 3, -2/26 HPs)
             Began as an Octopode Fighter on Sept 30, 2023.
             Slain by a goblin
             ... wielding a +0 quarterstaff
              (9 damage)
             ... on level 2 of the Dungeon.
             The game lasted 00:00:42 (986 turns).

Kurtz the Chopper (Octopode Fighter)                 Turns: 986, Time: 00:00:43

Health: -2/26      AC:  1    Str: 15    XL:     3   Next: 72%
Magic:  3/3        EV: 13    Int: 10    God:
Gold:   53         SH:  4    Dex: 13    Spells: 2/2 levels left

rFire   + . .        a - +0 war axe
rCold   . . .        b - +0 buckler
rNeg    . . .        (helmet restricted)
rPois   .            (no amulet)
rElec   .            o - ring of protection from fire
rCorr   .            (no ring)
SInv    .            (no ring)
Will    .....        (no ring)
Stlth   ++           (no ring)
HPRegen 0.24/turn    (no ring)
MPRegen 0.08/turn    (no ring)
                     (no ring)

%: no passive effects
@: no status effects
A: almost no armour, amphibious, 8 rings, camouflage 1, gelatinous body 1,
(nimble swimmer 1), tentacles
a: no special abilities


You were on level 2 of the Dungeon.
You visited 1 branch of the dungeon, and saw 2 of its levels.

You collected 53 gold pieces.

Inventory:

Hand Weapons
 a - a +0 war axe (weapon)
Armour
 b - a +0 buckler (worn)
Jewellery
 o - a ring of protection from fire (left tentacle)
Scrolls
 h - a scroll of amnesia {unknown}
 k - 2 scrolls of brand weapon {unknown}
 m - a scroll of fear {unknown}
 n - a scroll of identify {unknown}
 p - a scroll of butterflies {unknown}
Potions
 c - a potion of might
 d - a potion of brilliance {unknown}
 e - a potion of haste {unknown}
 f - a potion of cancellation {unknown}
 g - a potion of heal wounds {unknown}
 i - 2 potions of mutation {unknown}
 j - a potion of berserk rage {unknown}
 l - a potion of magic {unknown}


   Skills:
 - Level 3.0 Fighting
 * Level 4.0 Axes
 - Level 3.0 Dodging
 - Level 3.0 Shields


You had 2 spell levels left.
You didn't know any spells.
Your spell library contained the following spells:

 Spells                   Type           Power      Damage    Failure   Level
 Frozen Ramparts          Ice            0%         1d1       83%         3
 Petrify                  Tmut/Erth      0%         N/A       99%         4
 Vhi's Electric Charge    Tloc/Air       0%         N/A       99%         4
 Arcjolt                  Conj/Air       0%         1d10      100%        5
 Metabolic Englaciation   Hex/Ice        0%         N/A       100%        5
 Maxwell's Capacitive Co  Air            0%         ∞         100%        8


Dungeon Overview and Level Annotations

Branches:
Dungeon (2/15)

Altars:


Innate Abilities, Weirdness & Mutations

You cannot wear most types of armour.
You are amphibious.
You can wear up to eight rings at the same time.
Your skin changes colour to match your surroundings (Stealth+).
Your rubbery body absorbs attacks. (AC +1, EV +1)
((You are camouflaged when in or above water. (Stealth+)))
You have tentacles for arms and can constrict up to eight enemies at once.


Message History

The goblin shoots a sling bullet.
The sling bullet barely misses you.
A quokka comes into view.
The endoplasm quivers.
There are monsters nearby!
A rat comes into view.
There are monsters nearby!
You block the endoplasm's attack.
There are monsters nearby!
You hit the quokka. You grab the quokka.
The quokka is heavily wounded.
You hit the endoplasm.
You kill the endoplasm!
You constrict the quokka. The quokka bites you.
The goblin shoots a sling bullet.
The sling bullet misses you. The quokka bites you.
You barely miss the quokka. You squeeze the quokka.
You kill the quokka!
The goblin shoots a sling bullet.
The sling bullet hits you.
There are monsters nearby!
The goblin unwields a +0 sling.
The goblin wields a +0 quarterstaff.
The goblin barely misses you.
Unknown command.
There are monsters nearby!
You closely miss the rat. You grab the rat. You barely miss the goblin.
You constrict the rat.
You kill the rat!
The goblin hits you with a +0 quarterstaff!
* * * LOW HITPOINT WARNING * * *
Your Axes skill increases to level 4!
You are too injured to fight recklessly!
A goblin is nearby!
You are too injured to fight recklessly!
A goblin is nearby!
You are too injured to fight recklessly!
A goblin is nearby!
You are too injured to fight recklessly!
You closely miss the goblin. Your grab misses the goblin.
The goblin completely misses you.
The goblin hits you with a +0 quarterstaff!
You die...

#.# #.......# #...# #
#.# ######### ##### #
#.# # #.# #########
#.# #.......# #.#
#....)..# #.#
#.......###
#.#########...†......
#...†........@g......
###############......
..... .... #.# #


You could see a goblin.

Vanquished Creatures
  An adder (D:2)
  3 ball pythons
  4 endoplasms
  4 giant cockroaches (D:1)
  3 hobgoblins (D:1)
  2 quokkas (D:2)
  4 bats
  6 frilled lizards (D:1)
  3 goblins (D:1)
  3 kobolds (D:1)
  5 rats
38 creatures vanquished.

Notes
Turn   | Place    | Note
-------+----------+-------------------------------------------
     0 | D:1      | Kurtz the Octopode Fighter began the quest for the Orb.
     0 | D:1      | Reached XP level 1. HP: 16/16 MP: 1/1
   138 | D:1      | Reached XP level 2. HP: 21/21 MP: 2/2
   211 | D:1      | Reached skill level 3 in Axes
   463 | D:1      | Reached XP level 3. HP: 26/26 MP: 3/3
   986 | D:2      | Reached skill level 4 in Axes
   986 | D:2      | Slain by a goblin

Illustrated notes

Levels and vault maps discovered:
D:1:      orjb1_lava_funnel, layout_basic, minmay_worlds_worst_comb
D:2:      layout_basic

Skill      XL: |  1  2  3 |
---------------+----------+-----
Axes           | 3 4 |  4.0
Fighting       | |  3.0
Dodging        | |  3.0
Shields        | |  3.0

Action                     || total
---------------------------++-------
  Melee: War axe           ||    61
         Constrict         ||    14
         Tentacles         ||    10
         Punch             ||     1
   Stab: Sleeping          ||     7
 Armour: Skin              ||    23
  Dodge: Dodged            ||    26
  Block: Buckler           ||    11

Table legend: (Time is in decaauts)
 A = Elapsed time spent in this place.
 B = Non-inter-level travel time spent in this place.
 C = Inter-level travel time spent in this place.
 D = Time resting spent in this place.
 E = Time spent auto-exploring this place.
 F = Levels seen in this place.
 G = Mean time per level.
                   A        B        C        D        E       F      G
               +--------+--------+--------+--------+--------+-----+--------+
         Total |   1008 |    971 |     37 |      0 |    743 |   2 |  504.0 |
       Dungeon |   1008 |    971 |     37 |      0 |    743 |   2 |  504.0 |
               +--------+--------+--------+--------+--------+-----+--------+

Top non-repeatable levels by time:
     D:1: 732 daAuts
     D:2: 276 daAuts
